AoeStats
← Miguelastico93

Arabia

510780634Analyzed
1v1 RM · 1d ago on Oct 2, 2026· 60m 26s· 2 players
Game mode
Random Map
Map size
Tiny (2 player)
Population
200
Speed
Normal
Resources
Standard
Victory
Conquest
Starting age
Dark Age
Ending age
Imperial Age
RankedLock teamsTeams togetherTeam positionsShared explorationLock speedFull tech treeHidden civsTurbo modeCheats
Victory
Defeat
🇵🇪 Inca · Peru
971
+15
🇪🇸 Britons · Spain
958
-38
Miguelastico93
2:50 Loom
10:42 Feudal Age
18:07 Castle Age
17:00 Fletching
17:23 Double-Bit Axe
23:05 Horse Collar
24:36 Scale Barding Armor
25:50 Husbandry
26:54 Forging
26:57 Crossbowman
28:48 Iron Casting
29:39 Bow Saw
30:35 Heavy Plow
31:23 Bodkin Arrow
32:31 Ballistics
34:18 Wheelbarrow
34:01 Gold Mining
37:30 Imperial Age
35:35 Stone Mining
35:57 Padded Archer Armor
37:36 Bodkin Arrow
37:57 Leather Archer Armor
38:35 Gold Shaft Mining
37:51 Arbalester
40:07 Chemistry
39:29 Town Watch
40:00 Hand Cart
40:11 Cavalier
41:55 Murder Holes
42:07 Siege Engineers
42:04 Bracer
42:34 Ring Archer Armor
45:11 Blast Furnace
44:32 Chain Barding Armor
45:28 Conscription
52:00 Scale Mail Armor
53:03 Man-at-Arms
53:46 Squires
53:33 Gambesons
53:39 Arson
54:11 Chain Mail Armor
53:48 Long Swordsman
54:30 Two-Handed Swordsman
57:41 Plate Mail Armor
tedyoso
9:39 Feudal Age
10:03 Loom
11:17 Champi Runner
18:31 Castle Age
16:32 Double-Bit Axe
18:56 Scale Mail Armor
18:47 Town Watch
19:21 Horse Collar
21:52 Gold Mining
22:39 Forging
21:55 Champi Warrior
23:01 Champi Warrior
24:13 Chain Mail Armor
24:29 Squires
27:27 Iron Casting
27:18 Arson
28:55 Wheelbarrow
32:32 Imperial Age
31:00 Gold Mining
32:03 Fletching
33:46 Plate Mail Armor
34:44 Chemistry
35:41 Blast Furnace
34:25 Capped Ram
35:22 Bow Saw
36:07 Siege Ram
37:31 Hand Cart
38:15 Conscription
38:19 Town Patrol
41:06 Bodkin Arrow
41:30 Elite Skirmisher
42:40 Bracer
44:44 Ballistics
47:56 Padded Archer Armor
48:17 Elite Champi Warrior
49:46 Leather Archer Armor
49:18 Treadmill Crane
49:54 Pikeman
51:41 Andean Sling
54:44 Halberdier
57:33 Ring Archer Armor
56:32 Crossbowman
57:18 Thumb Ring
58:00 Arbalester
Connection lost

Rejoining the realm…

Still unreachable

The connection could not be restored.

Session expired

The server has moved on; the page needs a fresh start.